 Dungeon Crawl Stone Soup version 0.29.0-4-gdea44cf6ec (webtiles) character file.

Game seed: 8560873966575147165

296 bartek7090 the Cudgeller (level 6, 0/56 HPs)
             Began as a Meteoran Cinder Acolyte on Aug 27, 2022.
             Was a Follower of Ignis.
             Slain by a killer bee (7 damage)
             ... on level 5 of the Dungeon.
             The game lasted 00:05:41 (2616 turns).

bartek7090 the Cudgeller (Meteoran Cinder Acolyte)  Turns: 2616, Time: 00:05:43

Health: 0/56       AC:  2    Str: 19    XL:     6   Next: 94%
Magic:  9/9        EV: 11    Int: 15    God:    Ignis [*.....]
Gold:   173        SH:  0    Dex:  9    Spells: 7/7 levels left

rFire   + . .      SeeInvis .   a - -1 mace (flame)
rCold   . . .      Faith    .   (no shield)
rNeg    . . .      Spirit   .   b - +0 robe
rPois   .          Reflect  .   (no helmet)
rElec   .          Harm     .   (no cloak)
rCorr   .          Rampage  .   (no gloves)
Will    .....                   (no boots)
Stlth   +.........              (no amulet)
HPRegen 0.18/turn               (no ring)
MPRegen 0.11/turn               (no ring)

@: lethally poisoned (0 -> -17), glowing
A: sense surroundings 1, otherworldly, glowing, explore regen
a: Renounce Religion, Fiery Armour, Foxfire Swarm, Rising Flame


You were on level 5 of the Dungeon.
You worshipped Ignis.
Ignis was aware of your devotion.
You visited 1 branch of the dungeon, and saw 5 of its levels.

You collected 173 gold pieces.

Inventory:

Hand Weapons
 a - a -1 mace of flaming (weapon)
 o - a +0 whip
Armour
 b - a +0 robe (worn)
Jewellery
 u - a ring of fire
Wands
 w - a wand of polymorph (10)
Scrolls
 d - a scroll of magic mapping
 e - a scroll of torment {unknown}
 f - 6 scrolls of identify
 h - a scroll of immolation
 j - 2 scrolls of enchant armour
 k - a scroll of butterflies
 m - 2 scrolls of poison {unknown}
 n - 2 scrolls of enchant weapon {unknown}
 s - a scroll of vulnerability {unknown}
 v - a scroll of teleportation {unknown}
Potions
 c - 2 potions of curing
 g - a potion of attraction {unknown}
 i - a potion of brilliance {unknown}
 l - 2 potions of lignification {unknown}
 p - 2 potions of mutation {unknown}
 q - 2 potions of resistance {unknown}
 r - 2 potions of degeneration {unknown}
 t - a potion of might {unknown}


   Skills:
 + Level 5.1 Fighting
 * Level 7.8 Maces & Flails
 - Level 1.3 Spellcasting
 - Level 3.6 Fire Magic


You had 7 spell levels left.
You didn't know any spells.
Your spell library contained the following spells:

 Spells                   Type           Power      Damage    Failure   Level
 Scorch                   Fire           22%        2d6       9%          2
 Summon Small Mammal      Summ           4%         N/A       24%         1
 Sublimation of Blood     Necr           1%         N/A       34%         2
 Call Canine Familiar     Summ           1%         N/A       56%         3
 Ozocubu's Armour         Ice            1%         N/A       56%         3
 Summon Guardian Golem    Hex/Summ       1%         N/A       56%         3
 Petrify                  Tmut/Erth      1%         N/A       93%         4
 Irradiate                Conj/Tmut      0%         3d11      100%        5
 Ozocubu's Refrigeration  Ice            0%         4d7       100%        7


Dungeon Overview and Level Annotations

Branches:
Dungeon (5/15) Zot: 573
 Temple: D:4-7

Altars:
Qazlal
Xom


Innate Abilities, Weirdness & Mutations

You passively map a small area around you.
You are easily found by Zot.
You glow in the dark.
You regain HP and MP as you explore.


Message History

No target in view!
No target in view!
No target in view!
You now have 158 gold pieces (gained 12).
You now have 173 gold pieces (gained 15).
You hear the slow hiss of an avalanche of sand very nearby.
A killer bee comes into view. x2
There are monsters nearby!
The killer bee buzzes angrily. x2; You hear an angry buzzing noise. x2
A killer bee comes into view. x2
There are monsters nearby!
You barely miss the killer bee.
The killer bee buzzes angrily.
The killer bee barely misses you. The killer bee stings you.
You hit the killer bee but do no damage.
The killer bee stings you. The killer bee stings you!
You are poisoned.
The killer bee poisons you! The killer bee closely misses you.
The killer bee stings you but does no damage.
You closely miss the killer bee.
You feel sick. The killer bee stings you. The killer bee stings you! x2
You are more poisoned.
The killer bee poisons you! The killer bee stings you.
You are lethally poisoned!
The killer bee poisons you!
You are too injured to fight recklessly!
Unknown command.
Okay, then.
Okay, then.
Okay, then.
Unknown command.
Okay, then.
As you read the scroll labelled CUVOLU CAOZIL, it crumbles to dust.
You hear the tinkle of a tiny bell.
It was a scroll of butterflies.
* * * LOW HITPOINT WARNING * * *
You feel very sick. The killer bee stings you.
* * * LOW HITPOINT WARNING * * *
The killer bee stings you!
You die...

* * * #.# * * ##.# * *
, ##..# , * ## *
##...## , .., #. ,
##.....### #.#,
.########.........
#...##bbb.............#
*
#..yyyyb######.....[.##
, , *#@b# ##........
#bb# ##.....## * * ##b#
##...### , , , #.#
##..... #.####.# #.####
#......# #.# ######.#
##'## , #.# ##...##
#.## ##.....##


You could see 4 killer bees.

Vanquished Creatures
  An ogre (D:4)
  A jelly (D:3)
  An orc wizard (D:4)
  Terence (D:2)
  3 gnolls (D:3)
  4 adders
  2 worms
  7 orcs
  4 endoplasms
  3 giant cockroaches
  4 goblins
  6 hobgoblins
  7 jackals
  4 kobolds
  4 quokkas
  A ball python (D:3)
  6 bats
  A frilled lizard (D:3)
  2 rats (D:1)
62 creatures vanquished.

Vanquished Creatures (others)
  38 foxfires
38 creatures vanquished.

Grand Total: 100 creatures vanquished

Notes
Turn   | Place    | Note
-------+----------+-------------------------------------------
     0 | D:1      | bartek7090 the Meteoran Cinder Acolyte began the quest for
                  | the Orb.
     0 | D:1      | Reached XP level 1. HP: 19/19 MP: 3/3
   102 | D:1      | Reached XP level 2. HP: 20/26 MP: 5/5
   486 | D:1      | Reached XP level 3. HP: 31/31 MP: 6/6
   496 | D:1      | Glimpsed the power of Zot.
   546 | D:1      | Glimpsed the power of Zot.
   586 | D:1      | Glimpsed the power of Zot.
   596 | D:1      | Touched by the power of Zot.
   841 | D:2      | Noticed Terence
   847 | D:2      | Killed Terence
   848 | D:2      | Reached skill level 5 in Maces & Flails
   848 | D:2      | Reached XP level 4. HP: 25/33 MP: 7/7
   848 | D:2      | You fall into a shaft and drop 1 floor!
  1409 | D:3      | Reached skill level 6 in Maces & Flails
  1409 | D:3      | Reached XP level 5. HP: 23/45 MP: 8/8
  1892 | D:3      | Glimpsed the power of Zot.
  1941 | D:3      | Glimpsed the power of Zot.
  1981 | D:3      | Glimpsed the power of Zot.
  1999 | D:4      | Reached XP level 6. HP: 50/53 MP: 9/9
  2008 | D:4      | Reached skill level 7 in Maces & Flails
  2099 | D:4      | Found a stormy altar of Qazlal.
  2183 | D:4      | Noticed an ogre
  2187 | D:4      | Killed an ogre
  2188 | D:4      | Reached skill level 5 in Fighting
  2308 | D:4      | Found a shimmering altar of Xom.
  2490 | D:4      | Glimpsed the power of Zot.
  2496 | D:5      | Entered Level 5 of the Dungeon
  2616 | D:5      | Slain by a killer bee

Illustrated notes

Levels and vault maps discovered:
D:1:      lightli_molten_gateway, layout_basic
D:2:      layout_loops_ring, uniq_terence
D:3:      minmay_door_path, layout_rooms, serial_curves, eino_curves_02,
          eino_curves_02, eino_curves_01, eino_curves_02,
          shapermc_ecumenical_altar_mp_urbaneastern, skrybe_limestone_x,
          glass_columns_b
D:4:      layout_rooms, nicolae_overflow_hidden_temple, old_standard_altar,
          kennysheep_generic_room_13
D:5:      layout_loops_corners, mainiacjoe_overflow_chevrons,
          overflow_temple_1_default, minmay_temple_entry_wispy, enter_ossuary_3

Skill      XL: |  1  2  3  4  5  6 |
---------------+-------------------+-----
Maces & Flails | 5 6 7 |  7.8
Fighting       | 4 5 |  5.1
Spellcasting   | |  1.3
Fire Magic     | |  3.6

Action                   |  1- 3 |  4- 6 || total
-------------------------+-------+-------++-------
Melee: Mace              |    28 |    90 ||   118
       Punch             |       |     2 ||     2
Invok: Fiery Armour      |     2 |     3 ||     5
       Foxfire Swarm     |     2 |     2 ||     4
  Use: Scroll            |       |     5 ||     5
       Potion            |       |     2 ||     2
Armor: Robe              |    20 |    23 ||    43
Dodge: Dodged            |    28 |    42 ||    70
